 Dungeon Crawl Stone Soup version 0.19-a0-503-g45a6586 (webtiles) character file.

11 st0uf the Charmwright (level 2, -15/25 HPs)
             Began as a Draconian Skald on June 5, 2016.
             Demolished by Crazy Yiuf
             ... wielding a +3 quarterstaff of chaos
              (19 damage)
             ... on level 2 of the Dungeon.
             The game lasted 00:02:04 (747 turns).

st0uf the Charmwright (Draconian Skald)              Turns: 747, Time: 00:02:07

Health: -15/25     AC:  4    Str: 14    XL:     2   Next: 13%
Magic:  1/5        EV: 12    Int: 12    God:
Gold:   46         SH:  0    Dex: 10    Spells: 1 memorised, 4 levels left

rFire  . . .     SeeInvis +     a - +0 mace
rCold  . . .     Gourm    .     (armour unavailable)
rNeg   . . .     Faith    .     (no shield)
rPois  .         Spirit   .     (helmet restricted)
rElec  .         Dismiss  .     (no cloak)
rCorr  .         Reflect  .     (no gloves)
SustAt .         Harm     .     (no boots)
MR     .....                    (no amulet)
Stlth  +.........               (no ring)
                                h - ring of see invisible

@: infused (expiring), drained, not resistant to hostile enchantments, very
unstealthy
A: unfitting armour, cold-blooded, AC +4
a: no special abilities


You were on level 2 of the Dungeon.
You were not hungry.

You visited 1 branch of the dungeon, and saw 2 of its levels.

You collected 46 gold pieces.

Inventory:

Hand Weapons
 a - a +0 mace (weapon)
Jewellery
 h - a ring of see invisible (left hand)
Scrolls
 f - a scroll of enchant weapon {unknown}
 g - a scroll of magic mapping {unknown}
 j - a scroll of noise {unknown}
 k - 2 scrolls of immolation {unknown}
 n - a scroll of remove curse {unknown}
Potions
 d - a potion of heal wounds {unknown}
 e - a potion of magic {unknown}
 l - a potion of haste {unknown}
 m - a potion of cancellation {unknown}
Books
 b - a book of Battle

   Spells                             Type                      Level
   a - Infusion                       Charms                       1
   b - Shroud of Golubria             Charms/Translocation         2
   c - Song of Slaying                Charms                       2
   d - Spectral Weapon                Hexes/Charms                 3
   e - Regeneration                   Charms/Necromancy            3
Comestibles
 c - a bread ration
 i - a meat ration


   Skills:
 + Level 2.4(2.1) Fighting
 + Level 2.2(1.9) Maces & Flails
 + Level 1.4(1.2) Dodging
 - Level 2.0(1.7) Spellcasting
 + Level 3.0(2.7) Charms


You had 4 spell levels left.
You knew the following spells:

 Your Spells              Type           Power        Failure   Level  Hunger
a - Infusion              Chrm           #...         12%         1    ##.....


Dungeon Overview and Level Annotations

Branches:
Dungeon (2/15)

Altars:

Annotations:
D:2 Crazy Yiuf


Innate Abilities, Weirdness & Mutations

Your plain brown scales are hard. (AC +4)
Your body does not fit into most forms of armour.
You are cold-blooded and may be slowed by cold attacks.


Message History

You hit Crazy Yiuf.
You tail-slap Crazy Yiuf, but do no damage.
Crazy Yiuf is moderately wounded.
Your magical infusion is running out.
Crazy Yiuf hits you with a quarterstaff of chaos.
You feel drained.
You sock Crazy Yiuf!
Crazy Yiuf is severely wounded.
Crazy Yiuf yells, "Mugger!
Leather aubergine spinner."
Crazy Yiuf misses you. Crazy Yiuf barely misses you.
You barely miss Crazy Yiuf.
Crazy Yiuf is severely wounded.
Crazy Yiuf barely misses you.
You hit Crazy Yiuf.
Crazy Yiuf is severely wounded.
Crazy Yiuf hits you with a quarterstaff of chaos!
* * * LOW HITPOINT WARNING * * *
You are electrocuted!
Ouch! That really hurt!
You die...

########
###g#..#.##
#..#@.P...##
#..g..####P.....#
#)..# ##.#...#
### ####..# #.##
#.# ### #.#
##.#########.#
#............#


You could see Crazy Yiuf.

Vanquished Creatures
  A giant cockroach (D:1)
  3 hobgoblins (D:1)
  2 giant newts (D:1)
  2 goblins (D:1)
  3 rats (D:1)
11 creatures vanquished.

Notes
Turn   | Place    | Note
--------------------------------------------------------------
     0 | D:1      | st0uf the Draconian Skald began the quest for the Orb.
     0 | D:1      | Reached XP level 1. HP: 17/17 MP: 3/3
   344 | D:1      | Reached XP level 2. HP: 24/25 MP: 1/5
   586 | D:1      | Reached skill level 3 in Charms
   733 | D:2      | Noticed Crazy Yiuf
   747 | D:2      | Demolished by Crazy Yiuf

Vault maps used:
D:1:      matt_arrival_grand_opening, corexii_corridor_pit, kennysheep_doodads
D:2:      old_standard_altar, gammafunk_pakellas_spire_experiment, uniq_natasha,
          uniq_crazy_yiuf_cottage

Skill      XL: |  1  2 |
---------------+-------+-----
Charms         | 3 |  3.0
Fighting       | |  2.4
Maces & Flails | |  2.2
Dodging        | |  1.4
Spellcasting   | |  2.0

Action                   || total
-------------------------++-------
Melee: Mace              ||    30
       Tailslap          ||     4
 Cast: Infusion          ||     8
Armor: Skin              ||     4
Dodge: Dodged            ||    17
